 Dungeon Crawl Stone Soup version 0.31-a0-740-g87205ac768 (webtiles) character file.

Game seed: 16295116747891645531

63 Newt the Sneak (level 4, -2/33 HPs)
             Began as an Octopode Brigand on Sept 12, 2023.
             Slain by Sigmund
             ... wielding a +0 scythe
              (7 damage)
             ... on level 2 of the Dungeon.
             The game lasted 00:01:34 (982 turns).

Newt the Sneak (Octopode Brigand)                    Turns: 982, Time: 00:01:35

Health: -2/33      AC:  1    Str: 10    XL:     4   Next: 10%
Magic:  4/4        EV: 12    Int: 13    God:
Gold:   82         SH:  0    Dex: 15    Spells: 3/3 levels left

rFire   . . .        a - +2 dagger
rCold   . . .        (no shield)
rNeg    . . .        (helmet restricted)
rPois   .            (no amulet)
rElec   .            (no ring)
rCorr   .            (no ring)
SInv    .            (no ring)
Will    .....        (no ring)
Stlth   ++++         (no ring)
HPRegen 0.25/turn    (no ring)
MPRegen 0.09/turn    (no ring)
                     (no ring)

%: no passive effects
@: no status effects
A: almost no armour, amphibious, 8 rings, camouflage 1, gelatinous body 1,
(nimble swimmer 1), tentacles
a: no special abilities


You were on level 2 of the Dungeon.
You visited 1 branch of the dungeon, and saw 2 of its levels.

You collected 82 gold pieces.

Inventory:

Hand Weapons
 a - a +2 dagger (weapon)
 b - the +1 sling of the Supporting Seer {drain, Will- Int+5 Dex+3}
   (You found it on level 2 of the Dungeon)

   Int+5:     It affects your intelligence (+5).
   Dex+3:     It affects your dexterity (+3).
   Will-:     It decreases your willpower.
Missiles
 c - 3 curare-tipped darts
 d - 9 poisoned darts (quivered)
Scrolls
 e - a scroll of enchant armour {unknown}
 f - a scroll of identify {unknown}


   Skills:
 - Level 4.0 Fighting
 - Level 2.0 Short Blades
 - Level 2.0 Throwing
 - Level 1.0 Dodging
 + Level 5.8 Stealth


You had 3 spell levels left.
You didn't know any spells.
Your spell library was empty.

Dungeon Overview and Level Annotations

Branches:
Dungeon (2/15)

Altars:

Shops:
D:1 !

Annotations:
D:2 Sigmund


Innate Abilities, Weirdness & Mutations

You cannot wear most types of armour.
You are amphibious.
You can wear up to eight rings at the same time.
Your skin changes colour to match your surroundings (Stealth+).
Your rubbery body absorbs attacks. (AC +1, EV +1)
((You are camouflaged when in or above water. (Stealth+)))
You have tentacles for arms and can constrict up to eight enemies at once.


Message History

A rat comes into view.
You shoot a sling bullet. The sling bullet hits the rat.
You kill the rat!
Sigmund the Dreaded comes into view.
He is wielding a +0 scythe.
You see here 9 gold pieces.
You aren't carrying any potions.
Unknown command.
You shoot a sling bullet. The sling bullet hits Sigmund!
Sigmund is moderately wounded.
You shoot a sling bullet.
The sling bullet hits Sigmund but does no damage.
You drain Sigmund.
Sigmund is moderately wounded.
You shoot a sling bullet.
The sling bullet closely misses Sigmund.
Sigmund gestures at you while chanting. The magic dart hits you.
You shoot a sling bullet.
The sling bullet closely misses Sigmund.
Sigmund hits you from afar with a +0 scythe!
a - a +2 dagger (weapon)
Sigmund hits you from afar with a +0 scythe!
* * * LOW HITPOINT WARNING * * *
You aren't carrying any potions.
Okay, then.
Okay, then.
Unknown command.
You hit Sigmund. You grab Sigmund.
Sigmund is heavily wounded.
You constrict Sigmund, but do no damage.
Sigmund screams, "Die, monster!"
Sigmund hits you with a +0 scythe.
* * * LOW HITPOINT WARNING * * *
Unknown command.
You barely miss Sigmund. You squeeze Sigmund, but do no damage.
Sigmund is heavily wounded.
You constrict Sigmund, but do no damage.
Sigmund hits you with a +0 scythe!
You die...
Sigmund begins carving another notch in his scythe.

.#### ##.......#
#.#.#
#.....###.)......# ##
#.#.#
#.....#..........##..
#.....>.###.######..#
......#.###.##.....
###.###..##.##...#
#.####....##...#
#..........$...#
.............@..#
###.####.####@..# #
#.# #...# #># #...#
#.# #...# #.# #####
..#


You could see Sigmund (very drained).

Vanquished Creatures
  Jessica (D:2)
  A dart slug (D:1)
  3 ball pythons
  5 bats
  An endoplasm (D:1)
  2 goblins (D:1)
  6 hobgoblins
  4 jackals (D:1)
  2 quokkas (D:2)
  3 kobolds (D:1)
  3 rats
31 creatures vanquished.

Notes
Turn   | Place    | Note
-------+----------+-------------------------------------------
     0 | D:1      | Newt the Octopode Brigand began the quest for the Orb.
     0 | D:1      | Reached XP level 1. HP: 14/14 MP: 1/1
   175 | D:1      | Reached XP level 2. HP: 20/20 MP: 2/2
   442 | D:1      | Found Xesyku's Distillery.
   679 | D:1      | Reached XP level 3. HP: 25/26 MP: 3/3
   894 | D:2      | Identified the +1 sling of the Supporting Seer {drain,
                  | Will- Int+5 Dex+3}
   951 | D:2      | Noticed Jessica
   952 | D:2      | Killed Jessica
   953 | D:2      | Reached XP level 4. HP: 33/33 MP: 4/4
   974 | D:2      | Noticed Sigmund
   982 | D:2      | Slain by Sigmund

Illustrated notes

Levels and vault maps discovered:
D:1:      lordsloth_arrival_two_stooges, layout_loops_cross, serial_forest,
          infiniplex_forest_end_1, infiniplex_forest_lined_4_way,
          infiniplex_forest_clump_medium, infiniplex_forest_clump_double,
          infiniplex_forest_clump_curved, serial_shops,
          nicolae_shop_behind_doors, serial_bayou_pond_c
D:2:      layout_rooms, minmay_misc_feat_nine_boxes, uniq_sigmund, uniq_jessica

Skill      XL: |  1  2  3 |
---------------+----------+-----
Fighting       | 3 4 |  4.0
Short Blades   | |  2.0
Throwing       | |  2.0
Dodging        | |  1.0
Stealth        | |  5.8

Action                     |  1- 3 |  4- 6 || total
---------------------------+-------+-------++-------
  Melee: Dagger            |    62 |     2 ||    64
         Constrict         |    14 |     1 ||    15
         Tentacles         |     9 |     1 ||    10
   Fire: Sling             |     3 |     5 ||     8
  Throw: Dart              |     2 |       ||     2
    Use: Scroll            |     2 |       ||     2
   Stab: Sleeping          |     3 |       ||     3
 Armour: Skin              |    22 |     5 ||    27
  Dodge: Dodged            |    31 |       ||    31

Table legend: (Time is in decaauts)
 A = Elapsed time spent in this place.
 B = Non-inter-level travel time spent in this place.
 C = Inter-level travel time spent in this place.
 D = Time resting spent in this place.
 E = Time spent auto-exploring this place.
 F = Levels seen in this place.
 G = Mean time per level.
                   A        B        C        D        E       F      G
               +--------+--------+--------+--------+--------+-----+--------+
         Total |    977 |    959 |     18 |    154 |    618 |   2 |  488.5 |
       Dungeon |    977 |    959 |     18 |    154 |    618 |   2 |  488.5 |
               +--------+--------+--------+--------+--------+-----+--------+

Top non-repeatable levels by time:
     D:1: 830 daAuts
     D:2: 147 daAuts
